 Dungeon Crawl Stone Soup version 0.30.0-29-ga12c61a403 (webtiles) character file.

Game seed: 1799173230551513557

695 Fodor the Slasher (level 7, -1/61 HPs)
             Began as a Minotaur Fighter on June 22, 2023.
             Slain by a bullfrog (6 damage)
             ... on level 4 of the Dungeon on June 23, 2023.
             The game lasted 00:20:33 (3679 turns).

Fodor the Slasher (Minotaur Fighter)                Turns: 3679, Time: 00:20:34

Health: -1/61      AC: 11    Str: 20 (23) XL:     7   Next: 37%
Magic:  6/6        EV:  8    Int:  4 (5)  God:
Gold:   239        SH:  5    Dex: 14 (17) Spells: 6/6 levels left

rFire   . . .        a - +0 long sword
rCold   + + .        c - +0 buckler
rNeg    + . .        j - +0 chain mail
rPois   +            (helmet restricted)
rElec   .            i - +0 cloak
rCorr   .            (no gloves)
SInv    .            (no boots)
Will    .....        (no amulet) Stlth
                     t - ring of Taen {rPois rC++ rN+ Dex+8 Stlth-}
HPRegen 0.30/turn    (no ring)
MPRegen 0.10/turn

%: no passive effects
@: mighty
A: horns 2, retaliatory headbutt
a: no special abilities


You were on level 4 of the Dungeon.
You visited 1 branch of the dungeon, and saw 5 of its levels.

You collected 239 gold pieces.

Inventory:

Hand Weapons
 a - a +0 long sword (weapon)
 p - a +0 sling
Armour
 c - a +0 buckler (worn)
 i - a +0 cloak (worn)
 j - a +0 chain mail (worn)
Jewellery
 t - the ring of Taen (left hand) {rPois rC++ rN+ Dex+8 Stlth-}
   (You found it on level 3 of the Dungeon)

   [ring of poison resistance]

   Dex:       It affects your dexterity (+8).
   rC:        It greatly protects you from cold.
   rPois:     It protects you from poison.
   rN:        It protects you from negative energy.
   Stlth:     It makes you less stealthy.
Wands
 w - a wand of flame (20)
 x - a wand of charming (8)
 B - a wand of roots (11)
Scrolls
 e - 3 scrolls of identify {unknown}
 g - a scroll of blinking {unknown}
 h - 2 scrolls of poison {unknown}
 o - a scroll of vulnerability {unknown}
 q - a scroll of noise {unknown}
 r - 2 scrolls of amnesia {unknown}
 u - a scroll of teleportation {unknown}
 y - a scroll of enchant armour {unknown}
 A - a scroll of fog {unknown}
Potions
 f - a potion of brilliance {unknown}
 k - a potion of haste
 l - a potion of ambrosia {unknown}
 m - a potion of flight {unknown}
 n - a potion of mutation {unknown}
 s - a potion of resistance
 v - a potion of berserk rage
 C - a potion of lignification {unknown}


   Skills:
 + Level 5.6 Fighting
 + Level 6.6 Long Blades
 + Level 5.8 Armour
 + Level 1.8 Dodging
 + Level 4.8 Shields


You had 6 spell levels left.
You didn't know any spells.
Your spell library contained the following spells:

 Spells                   Type           Power      Damage    Failure   Level
 Apportation              Tloc           0%         N/A       99%         1
 Beastly Appendage        Tmut           0%         N/A       99%         1
 Magic Dart               Conj           0%         1d3       99%         1
 Searing Ray              Conj           0%         2d4       100%        2
 Wereblood                Tmut           0%         N/A       100%        2
 Gell's Gravitas          Tloc           0%         N/A       100%        3
 Spider Form              Tmut/Pois      0%         N/A       100%        3
 Summon Guardian Golem    Hex/Summ       0%         N/A       100%        3
 Fulminant Prism          Conj/Hex       0%         3d5       100%        4
 Dragon's Call            Summ           0%         N/A       100%        9


Dungeon Overview and Level Annotations

Branches:
Dungeon (5/15)
 Temple: D:4-7

Altars:
Ru

Shops:
D:1 [   D:2 (


Innate Abilities, Weirdness & Mutations

You have a pair of horns on your head.
You reflexively headbutt those who attack you in melee.


Message History

The bullfrog hits you!
* * * LOW HITPOINT WARNING * * *
The water moccasin closely misses you.
You feel sick. The bullfrog hits you.
* * * LOW HITPOINT WARNING * * *
The water moccasin closely misses you.
You feel sick. The bullfrog hits you.
* * * LOW HITPOINT WARNING * * *
The water moccasin barely misses you. The bullfrog misses you.
There is a stone staircase leading up, spattered with blood here.
You feel sick.
The water moccasin bites you but does no damage.
The bullfrog barely misses you. The water moccasin barely misses you.
You climb upwards.
* * * LOW HITPOINT WARNING * * *
You feel sick.
There is a stone staircase leading down here.
You feel better.
The bullfrog hits you but does no damage.
The water moccasin bites you but does no damage.
The bullfrog hits you but does no damage.
It was a potion of degeneration.
There was something very wrong with that liquid.
You feel weakened.
You feel dopey.
You feel clumsy. You block the water moccasin's attack.
The bullfrog hits you but does no damage.
You block the water moccasin's attack.
You feel very mighty all of a sudden. The bullfrog hits you.
* * * LOW HITPOINT WARNING * * *
The water moccasin bites you but does no damage.
The bullfrog hits you but does no damage.
You miss the water moccasin.
The water moccasin bites you but does no damage.
The bullfrog hits you.
* * * LOW HITPOINT WARNING * * *
You slash the water moccasin!
The water moccasin is moderately wounded.
The bullfrog hits you.
You die...

##.#.# #.##.##.#
#.⌠+.###.#.#.#.###
...#.#.'..#8#.÷'.#
..##...#.#.#÷#.#.#
.##..###.##.##.#.# ##.)##
#.......#.###########
#.)#############...........#
..## #........##.###.##.##.#
.## #.###....##@###.##.##.#
.# #.# #.....SF##.....##.#
.# #.###.#.###.##..#####.#
.# #...........##..#####.#
.# ###.....######........#
.## ##.......## #..#######
..####.........####†..##
.....+.........'.......#
..####.........####...##


You could see a water moccasin and a bullfrog.

Vanquished Creatures
  Sigmund (D:2)
  An ice beast (D:5)
  A black bear (D:4)
  A scorpion (D:4)
  A hound (D:4)
  A jelly (D:4)
  Jessica (D:3)
  Terence (D:3)
  3 gnolls (D:3)
  6 adders
  4 worms
  2 dart slugs (D:1)
  5 orcs
  8 endoplasms
  14 giant cockroaches
  2 goblins (D:1)
  8 hobgoblins
  4 jackals (D:4)
  7 kobolds
  2 quokkas
  4 ball pythons
  5 bats
  A frilled lizard (D:1)
  7 rats
90 creatures vanquished.

Notes
Turn   | Place    | Note
-------+----------+-------------------------------------------
     0 | D:1      | Fodor the Minotaur Fighter began the quest for the Orb.
     0 | D:1      | Reached XP level 1. HP: 19/19 MP: 0/0
   236 | D:1      | Reached XP level 2. HP: 27/27 MP: 1/1
   262 | D:1      | Got the Reference Book on United Portals
   474 | D:1      | Found a transporter.
   481 | D:1      | Found Fairuuth's Armour Emporium.
   483 | D:1      | Found a transporter.
   532 | D:1      | Reached XP level 3. HP: 29/33 MP: 2/2
  1139 | D:2      | Found Luoraipn's Weapon Shoppe.
  1284 | D:2      | Reached skill level 3 in Long Blades
  1290 | D:2      | Noticed Sigmund
  1298 | D:2      | Killed Sigmund
  1299 | D:2      | Reached skill level 4 in Long Blades
  1299 | D:2      | Reached skill level 1 in Dodging
  1299 | D:2      | Reached XP level 4. HP: 18/41 MP: 3/3
  1299 | D:2      | Reached XP level 5. HP: 21/47 MP: 4/4
  1911 | D:3      | Identified the ring of Taen {rPois rC++ rN+ Dex+8 Stlth-}
  2027 | D:3      | Noticed Terence
  2038 | D:3      | Killed Terence
  2039 | D:3      | Reached skill level 5 in Long Blades
  2039 | D:3      | Reached skill level 5 in Armour
  2039 | D:3      | Reached XP level 6. HP: 30/55 MP: 5/5
  2130 | D:3      | Found a sacrificial altar of Ru.
  2183 | D:3      | Noticed Jessica
  2211 | D:3      | Reached skill level 5 in Fighting
  2216 | D:3      | Killed Jessica
  3418 | D:4      | Reached skill level 6 in Long Blades
  3418 | D:4      | Reached XP level 7. HP: 57/61 MP: 6/6
  3658 | D:5      | Entered Level 5 of the Dungeon
  3679 | D:4      | Slain by a bullfrog

Illustrated notes

Levels and vault maps discovered:
D:1:      evilmike_arrival_fibonacci_small, layout_loops_ring, serial_shops,
          nicolae_shop_drivethru, st_stairs_7, minmay_tetromino_s4
D:2:      minmay_roachtagon, layout_basic, serial_shops, shop, uniq_sigmund
D:3:      layout_basic, nicolae_ru_the_path_less_chosen,
          chequers_serial_rivers_micro_c, uniq_jessica, uniq_terence
D:4:      layout_loops_corners, hangedman_abyss_or_decor_stagger,
          kennysheep_big_empty_room, grunt_decor_arrowhead,
          kennysheep_generic_room_9
D:5:      layout_basic, kennysheep_small_square, uniq_ijyb

Skill      XL: |  1  2  3  4  5  6 |
---------------+-------------------+-----
Fighting       | 4 5 |  5.6
Armour         | 4 5 |  5.8
Shields        | 4 |  4.8
Long Blades    | 4 5 6 |  6.6
Dodging        | 1 |  1.8

Action                     |  1- 3 |  4- 6 |  7- 9 || total
---------------------------+-------+-------+-------++-------
  Melee: Long sword        |    61 |   124 |    16 ||   201
         Headbutt          |    10 |    28 |     3 ||    41
    Use: Potion            |       |     2 |     3 ||     5
 Armour: Scale mail        |    31 |       |       ||    31
         Chain mail        |    12 |    73 |    27 ||   112
  Dodge: Dodged            |    34 |    60 |    18 ||   112
  Block: Buckler           |    14 |    33 |    12 ||    59
